 Dungeon Sprint DCSS version bcrawl-1.15.1 (webtiles) character file.

Game seed: 8689463770921735614

282 Groucho the Skirmisher (level 6, -2/63 HPs)
             Began as a Naga Fighter on Oct 1, 2019.
             Was a Follower of Cheibriados.
             Slain by a cyclops (29 damage)
             ... in the Dungeon (Sprint IX: "|||||||||||||||||||||||||||||").
             The game lasted 00:02:29 (796 turns).

Groucho the Skirmisher (Naga Fighter)                Turns: 796, Time: 00:02:30

Health: -2/63      AC: 10    Str: 27    XL:     6   Next: 28%
Magic:  6/8        EV:  5    Int: 10    God:    Cheibriados [*.....]
Gold:   0          SH: 11    Dex: 14    Spells: 5/5 levels left

rFire    . . .     SeeInvis +   b - +3 war axe (chop)
rCold    . . .     Gourm    .   c - +0 shield
rNeg     . . .     Faith    .   o - +1 chain mail
rPois    +         Spirit   .   (no helmet)
rElec    .         Reflect  .   (no cloak)
rCorr    .         Harm     .   n - +0 pair of gloves
MR       .....     NoTele   +   (no barding)
Stlth    ..........             (no amulet)
HPRegen  0.20/turn              a - +3 ring of strength
MPRegen  0.11/turn              p - +3 ring of strength

@: very slow
A: large, see invisible, deformed body, poison resistance, slowness 2, slow
metabolism 1, spit poison 1, AC +2
a: Spit Poison, Bend Time, Renounce Religion


You were in the Dungeon.
You worshipped Cheibriados.
Cheibriados was aware of your devotion.
You were not hungry.

You visited 1 branch

Inventory:

Hand Weapons
 b - a +3 war axe of chopping (weapon)
Armour
 c - a +0 shield (worn)
 n - a +0 pair of gloves (worn)
 o - a +1 chain mail (worn)
Jewellery
 a - a +3 ring of strength (left hand)
 p - a +3 ring of strength (right hand)
Wands
 m - a wand of acid (10)
Scrolls
 j - 3 scrolls of remove curse
 k - 2 scrolls of blinking
 l - 2 scrolls of amnesia
Potions
 d - a potion of might
 e - a potion of invisibility
 g - 3 potions of heal wounds
 h - 4 potions of curing
 i - 4 potions of magic
Comestibles
 f - a ration {!d}


   Skills:
 + Level 6.8 Fighting
 + Level 6.4 Axes
 + Level 5.6 Armour
 + Level 5.6 Shields
 + Level 3.2 Invocations


You had 5 spell levels left.
You didn't know any spells.
Your spell library was empty.

Dungeon Overview and Level Annotations

Branches:
Dungeon (1/1)

Altars:
Cheibriados
Dithmenos
Elyvilon
Fedhas
Gozag
Hepliaklqana
Kikubaaqudgha
Lugonu
Makhleb
Nemelex Xobeh
Okawaru
Qazlal
Ru
Sif Muna
Trog
Uskayaw
Vehumet
Wu Jian
Xom
Yredelemnul
Zin
The Shining One
Beogh
Jiyva


Innate Abilities, Weirdness & Mutations

You cannot wear boots.
Your serpentine skin is tough. (AC +2)
You have supernaturally acute eyesight. (SInv)
Armour fits poorly on your strangely shaped body.
Your system is resistant to poisons. (rPois)
You cover ground very slowly.
You have a slow metabolism.
You can spit poison.


Message History

You block the crocodile's attack.
You hit the crocodile.
The crocodile is almost dead.
The crocodile bites you. The crocodile bites you!
You hit the crocodile but do no damage.
The crocodile is almost dead.
You block the crocodile's attack.
You slash the crocodile!
You kill the crocodile!
Cheibriados appreciates the change of pace.
Your Axes skill increases to level 6!
Your Invocations skill increases to level 3!
You have reached level 6!
Your experience leads to an increase in your attributes!
Your base attributes are Str 19, Int 8, Dex 11.
Increase (S)trength, (I)ntelligence, or (D)exterity?
You feel agile.
Your skin feels tougher.
Unknown command.
The cyclops hits you!! x2
You die...

▓.▓
▓|▓
▓)▓
▓.▓
▓[▓
▓[▓
▓.▓
▓.▓
▓@▓
▓C▓
▓O▓
▓a▓
▓.▓
▓.▓
▓.▓
▓+▓


You could see a two-headed ogre, a cyclops and a worker ant.

Vanquished Creatures
  A centaur (D)
  A crocodile (D)
  A wight (D)
  A hound (D)
  An orc wizard (D)
  A worker ant (D)
  An orc (D)
  2 giant cockroaches (D)
  A goblin (D)
  A hobgoblin (D)
  A jackal skeleton (D)
  A rat (D)
13 creatures vanquished.

Notes
Turn   | Place    | Note
-------+----------+-------------------------------------------
     0 | D        | Groucho the Naga Fighter began the quest for the Orb.
     0 | D        | Reached XP level 1. HP: 21/21 MP: 1/1
   241 | D        | Noticed a worker ant
   241 | D        | Noticed a wight
   241 | D        | Noticed a centaur
   253 | D        | Killed a worker ant
   253 | D        | Reached XP level 2. HP: 6/30 MP: 2/2
   253 | D        | Reached XP level 3. HP: 7/36 MP: 3/3
   271 | D        | Reached skill level 5 in Fighting
   271 | D        | Reached XP level 4. HP: 29/46 MP: 4/4
   278 | D        | Killed a centaur
   278 | D        | Reached skill level 5 in Axes
   278 | D        | Reached XP level 5. HP: 16/55 MP: 5/5
   712 | D        | Found a roughly hewn altar of Beogh.
   712 | D        | Found a snail-covered altar of Cheibriados.
   712 | D        | Found a shadowy altar of Dithmenos.
   712 | D        | Found a white marble altar of Elyvilon.
   712 | D        | Found a blossoming altar of Fedhas.
   712 | D        | Found an opulent altar of Gozag.
   713 | D        | Found a hazy altar of Hepliaklqana.
   714 | D        | Found a viscous altar of Jiyva.
   715 | D        | Found an ancient bone altar of Kikubaaqudgha.
   718 | D        | Became a worshipper of Cheibriados the Contemplative
   719 | D        | Found a corrupted altar of Lugonu.
   720 | D        | Found a burning altar of Makhleb.
   721 | D        | Found a sparkling altar of Nemelex Xobeh.
   722 | D        | Found an iron altar of Okawaru.
   723 | D        | Found a stormy altar of Qazlal.
   724 | D        | Found a sacrificial altar of Ru.
   725 | D        | Found a shimmering blue altar of Sif Muna.
   726 | D        | Found a bloodstained altar of Trog.
   727 | D        | Found a hide-covered altar of Uskayaw.
   728 | D        | Found a radiant altar of Vehumet.
   729 | D        | Found an ornate altar of the Wu Jian Council.
   730 | D        | Found a shimmering altar of Xom.
   731 | D        | Found a basalt altar of Yredelemnul.
   732 | D        | Found a glowing silver altar of Zin.
   733 | D        | Found a glowing golden altar of the Shining One.
   786 | D        | Noticed a crocodile
   786 | D        | Noticed a cyclops
   786 | D        | Noticed a two-headed ogre
   789 | D        | Reached skill level 5 in Armour
   789 | D        | Reached skill level 5 in Shields
   789 | D        | Reached skill level 1 in Invocations
   790 | D        | Reached * piety under Cheibriados
   795 | D        | Killed a crocodile
   795 | D        | Reached XP level 6. HP: 51/63 MP: 5/8
   796 | D        | Slain by a cyclops

Skill      XL: |  1  2  3  4  5 |
---------------+----------------+-----
Fighting       | 4 5 6 |  6.8
Axes           | 3 4 5 6 |  6.4
Armour         | 3 4 5 |  5.6
Shields        | 3 4 5 |  5.6
Invocations    | 3 |  3.2

Action                   |  1- 3 |  4- 6 || total
-------------------------+-------+-------++-------
Melee: War axe           |    42 |    15 ||    57
  Use: Potion            |     3 |       ||     3
Armor: Scale mail        |    10 |       ||    10
       Chain mail        |       |     2 ||     2
Dodge: Dodged            |     4 |     5 ||     9
Block: Shield            |    21 |     4 ||    25
